 Dungeon Crawl Stone Soup version 0.29-a0-559-g359e09b9d1 (webtiles) character file.

Game seed: 6995527096550678567

400 Pelinal the Conjurer (level 6, -3/45 HPs)
             Began as a Draconian Conjurer on June 10, 2022.
             Slain by Crazy Yiuf
             ... wielding a +3 quarterstaff of chaos
              (24 damage)
             ... on level 3 of the Dungeon.
             The game lasted 00:06:02 (3143 turns).

Pelinal the Conjurer (Draconian Conjurer)           Turns: 3143, Time: 00:06:03

Health: -3/45      AC:  6    Str: 10    XL:     6   Next: 54%
Magic:  6/11       EV: 12    Int: 20    God:
Gold:   148        SH:  0    Dex:  9    Spells: 2/12 levels left

rFire   + . .      SeeInvis .   f - +0 dagger
rCold   . . .      Faith    .   (no shield)
rNeg    + . .      Spirit   .   (body armour unavailable)
rPois   .          Reflect  .   (helmet restricted)
rElec   .          Harm     .   (no cloak)
rCorr   .          Rampage  .   (no gloves)
Will    .....                   (no boots)
Stlth   ++........              (no amulet)
HPRegen 0.15/turn               g - ring of positive energy
MPRegen 0.12/turn               h - ring of protection from fire

@: mighty
A: AC +6, unfitting armour, cold-blooded
a: no special abilities


You were on level 3 of the Dungeon.
You visited 1 branch of the dungeon, and saw 3 of its levels.

You collected 148 gold pieces.

Inventory:

Hand Weapons
 f - a +0 dagger (weapon)
 i - a +0 rapier
Jewellery
 g - a ring of positive energy (left hand)
 h - a ring of protection from fire (right hand)
 m - a ring of ice
 r - a ring of flight
Scrolls
 c - a scroll of brand weapon {unknown}
 d - 2 scrolls of fear {unknown}
 e - 2 scrolls of identify {unknown}
 j - 2 scrolls of teleportation {unknown}
 k - a scroll of vulnerability
 l - a scroll of fog {unknown}
 n - a scroll of enchant weapon {unknown}
 p - a scroll of blinking {unknown}
Potions
 b - 5 potions of heal wounds
 o - a potion of lignification {unknown}
 q - a potion of resistance {unknown}
 s - 2 potions of might
 t - a potion of curing {unknown}


   Skills:
 - Level 2.0 Dodging
 + Level 3.7 Stealth
 + Level 3.6 Spellcasting
 - Level 6.0 Conjurations
 * Level 1.0 Hexes


You had 2 spell levels left.
You knew the following spells:

 Your Spells              Type           Power      Damage    Failure   Level
a - Magic Dart            Conj           100%       1d8       1%          1
b - Searing Ray           Conj           54%        2d6       1%          2
c - Dazzling Flash        Conj/Hex       34%        N/A       10%         3
d - Fulminant Prism       Conj/Hex       8%         3d7       30%         4

Your spell library contained the following spells:

 Spells                   Type           Power      Damage    Failure   Level
 Summon Small Mammal      Summ           12%        N/A       14%         1
 Summon Guardian Golem    Hex/Summ       5%         N/A       32%         3
 Iskenderun's Mystic Bla  Conj/Tloc      15%        2d5       36%         4
 Call Canine Familiar     Summ           3%         N/A       38%         3


Dungeon Overview and Level Annotations

Branches:
Dungeon (3/15)

Altars:

Annotations:
D:3 Crazy Yiuf


Innate Abilities, Weirdness & Mutations

Your plain brown scales are hard. (AC +6)
You cannot fit into any form of body armour.
You are cold-blooded and may be slowed by cold attacks.


Message History

Crazy Yiuf grits, "Mama pizzabubble King!"
A giant cockroach comes into view.
A giant cockroach is nearby!
Unknown command.
Casting: Magic Dart (safe; 1% risk of failure)
Confirm with . or Enter, or press ? or * to list all spells.
Aiming: Magic Dart (safe; 1% risk of failure)
Press: ? - help, Shift-Dir - straight line, f - giant cockroach
Aim: a giant cockroach (100% to hit)
The magic dart hits the giant cockroach!
You kill the giant cockroach!
Unknown command.
Casting: Magic Dart (safe; 1% risk of failure)
Confirm with . or Enter, or press ? or * to list all spells.
You can't see any susceptible monsters within range! (Use Z to cast anyway.) Unknown command.
You open the door.
Casting: Magic Dart (safe; 1% risk of failure)
Confirm with . or Enter, or press ? or * to list all spells.
Aiming: Searing Ray (safe; 1% risk of failure)
Press: ? - help, Shift-Dir - straight line, f - Crazy Yiuf
Aim: Crazy Yiuf, wielding a +3 quarterstaff of chaos and wearing a +2 cloak (82% to hit)
The searing ray hits Crazy Yiuf.
Crazy Yiuf is lightly wounded. (Press . to maintain the ray.) Crazy Yiuf drinks a potion.
Crazy Yiuf seems to grow stronger.
The searing ray hits Crazy Yiuf.
Crazy Yiuf is moderately wounded.
Crazy Yiuf hits you with a +3 quarterstaff of chaos!!
You feel very mighty all of a sudden.
The searing ray hits Crazy Yiuf.
Crazy Yiuf is heavily wounded.
Crazy Yiuf hits you with a +3 quarterstaff of chaos.
You feel mightier all of a sudden.
The searing ray hits Crazy Yiuf.
Crazy Yiuf is heavily wounded.
You finish channelling your searing ray.
Crazy Yiuf hits you with a +3 quarterstaff of chaos!!
Ouch! That really hurt!
You die...

.......#........#.#
##.#
.......#...########
#..# .........###
##.# .....###...#
##### #..# #...##
#...# #)..# ####
##.## #.### #...#
#.#####.# ...
##....##.### #g#
...##.##...# #@##
##.##..<...# ##.#
##.######### #.##
##.# ##.# ##.#
##.## ...# ##...#
#### #....# #
#....# #####
#####....#


You could see Crazy Yiuf (strong).

Vanquished Creatures
  Grinder (D:3)
  A scorpion (D:3)
  Terence (D:2)
  3 gnolls
  2 adders (D:2)
  3 dart slugs (D:1)
  An orc (D:3)
  5 endoplasms
  5 giant cockroaches
  3 goblins
  4 hobgoblins
  3 jackals (D:1)
  3 quokkas
  5 ball pythons (D:2)
  5 bats
  3 frilled lizards (D:1)
  7 kobolds
  6 rats
61 creatures vanquished.

Notes
Turn   | Place    | Note
-------+----------+-------------------------------------------
     0 | D:1      | Pelinal the Draconian Conjurer began the quest for the Orb.
     0 | D:1      | Reached XP level 1. HP: 14/14 MP: 3/3
   125 | D:1      | Reached XP level 2. HP: 20/20 MP: 0/5
   964 | D:1      | Reached XP level 3. HP: 23/26 MP: 0/6
  1354 | D:1      | Learned a level 2 spell: Searing Ray
  1573 | D:2      | Noticed Terence
  1603 | D:2      | Killed Terence
  1604 | D:2      | Reached XP level 4. HP: 33/33 MP: 0/7
  1979 | D:2      | Reached skill level 5 in Conjurations
  2674 | D:3      | Noticed Grinder
  2687 | D:3      | Paralysed by Grinder for 2 turns
  2693 | D:3      | Killed Grinder
  2694 | D:3      | Reached skill level 6 in Conjurations
  2694 | D:3      | Reached XP level 5. HP: 22/38 MP: 6/10
  2694 | D:3      | Reached XP level 6. HP: 27/45 MP: 6/11
  2915 | D:3      | Learned a level 3 spell: Dazzling Flash
  2920 | D:3      | Learned a level 4 spell: Fulminant Prism
  3004 | D:3      | Reached skill level 1 in Hexes
  3118 | D:3      | Found a runed translucent door.
  3119 | D:3      | Noticed Crazy Yiuf
  3143 | D:3      | Slain by Crazy Yiuf

Illustrated notes

Levels and vault maps discovered:
D:1:      saegor_arrival_simple_a, layout_rooms
D:2:      layout_rooms, kennysheep_generic_room_7, uniq_terence
D:3:      layout_loops_cross, grunt_decor_fettered, uniq_crazy_yiuf_cottage,
          uniq_grinder

Skill      XL: |  1  2  3  4  5  6 |
---------------+-------------------+-----
Dodging        | 2 |  2.0
Stealth        | 2 3 |  3.7
Conjurations   | 6 |  6.0
Spellcasting   | 3 |  3.6
Hexes          | 1 |  1.0

Action                   |  1- 3 |  4- 6 || total
-------------------------+-------+-------++-------
Melee: Dagger            |    18 |     8 ||    26
       Tailslap          |     2 |     2 ||     4
       Unarmed           |     1 |       ||     1
 Cast: Magic Dart        |    61 |    50 ||   111
       Searing Ray       |     2 |     9 ||    11
  Use: Potion            |     1 |     1 ||     2
       Scroll            |       |     1 ||     1
Armor: Skin              |    12 |    11 ||    23
Dodge: Dodged            |    29 |    14 ||    43

Table legend: (Time is in decaauts)
 A = Elapsed time spent in this place.
 B = Non-inter-level travel time spent in this place.
 C = Inter-level travel time spent in this place.
 D = Time resting spent in this place.
 E = Time spent auto-exploring this place.
 F = Levels seen in this place.
 G = Mean time per level.
                   A        B        C        D        E       F      G
               +--------+--------+--------+--------+--------+-----+--------+
         Total |   3142 |   3000 |    142 |   1039 |   1459 |   3 | 1047.3 |
       Dungeon |   3142 |   3000 |    142 |   1039 |   1459 |   3 | 1047.3 |
               +--------+--------+--------+--------+--------+-----+--------+

Top non-repeatable levels by time:
     D:1: 1454 daAuts
     D:2: 1021 daAuts
     D:3: 666 daAuts
